Map: Overgrowth LE (Void)

Players

Haverst

  • Race: Protoss Protoss
  • League: Silver
  • Spawn Location: 1:00

IIIIIIIIII - Winner!

  • Race: Protoss Protoss
  • League: Silver
  • Spawn Location: 7:00

VOD

Have the link to the VOD?

Description

Time

  • Played on: Dec. 23, 2016, 2:56 p.m.
  • Length: 9:29
Show
View Real Time Build Order
Export as new Build Order

Haverst Protoss 

Build Orders:  

Get SALT Encoding   

  12  0:09  Pylon  
  12  0:13  Probe (Chrono Boost)  
  13  0:24  Probe (Chrono Boost)  
  14  0:32  Gateway  
  15  0:35  Probe (Chrono Boost)  
  15  0:49  Probe (Chrono Boost)  
  16  0:59  Pylon  
  16  1:07  Probe (Chrono Boost), Gateway  
  17  1:13  Assimilator  
  17  1:23  Zealot  
  17  1:24  Gateway  
  19  1:27  Probe (Chrono Boost)  
  20  1:37  Probe (Chrono Boost)  
  21  1:48  Probe (Chrono Boost)  
  21  1:50  Forge  
  21  1:53  Zealot  
  24  1:56  Zealot  
  26  2:09  Pylon  
  26  2:13  Zealot  
  28  2:22  Zealot  
  30  2:27  Zealot  
  32  2:36  Pylon  
  32  2:43  Cybernetics Core  
  32  2:58  Zealot x2  
  36  2:59  Zealot  
  38  3:05  Assimilator  
  38  3:10  Protoss Ground Weapons Level 1  
  38  3:22  Probe (Chrono Boost)  
  39  3:32  Probe (Chrono Boost)  
  40  3:39  Twilight Council  
  40  3:43  Probe (Chrono Boost)  
  40  3:48  Zealot x2  
  45  3:49  Zealot  
  47  4:02  Pylon  
  45  4:28  Nexus  
  45  4:34  Charge  
  45  4:58  Stargate  
  45  5:16  Probe (Chrono Boost)  
  46  5:23  Dark Shrine  
  47  5:28  Stargate  
  47  5:29  Probe (Chrono Boost)  
  47  5:41  Assimilator, Probe (Chrono Boost)  
  48  5:43  Probe (Chrono Boost)  
  49  5:51  Probe (Chrono Boost)  
  49  5:53  Probe (Chrono Boost)  
  51  6:02  Probe (Chrono Boost)  
  53  6:04  Probe (Chrono Boost)  
  53  6:14  Void Ray, Probe (Chrono Boost)  
  58  6:25  Probe (Chrono Boost)  
  59  6:26  Assimilator  
  59  6:29  Void Ray  
  63  6:35  Probe (Chrono Boost)  
  64  6:46  Probe (Chrono Boost)  
  65  6:57  Probe (Chrono Boost)  
  65  6:59  Stargate  
  50  7:07  Void Ray x2, Probe (Chrono Boost)  
  53  7:32  Zealot x3  
  43  7:59  Zealot x2  
  43  8:00  Zealot  
  42  8:31  Zealot x2  
  42  8:32  Zealot  
  48  8:40  Dark Shrine  
  48  8:58  Zealot x2  
  48  8:59  Zealot  
  54  9:10  Nexus  
Show
View Real Time Build Order
Export as new Build Order

IIIIIIIIII Protoss - Winner!

Build Orders: 1 Gate Expand 

Get SALT Encoding   

  12  0:01  Probe (Chrono Boost)  
  13  0:12  Probe (Chrono Boost)  
  14  0:18  Pylon  
  14  0:22  Probe (Chrono Boost)  
  15  0:36  Probe (Chrono Boost)  
  15  0:37  Gateway  
  16  0:46  Probe (Chrono Boost)  
  16  0:47  Assimilator  
  17  0:57  Probe (Chrono Boost)  
  18  1:08  Probe (Chrono Boost)  
  20  1:18  Probe (Chrono Boost)  
  20  1:23  Nexus  
  20  1:32  Cybernetics Core  
  20  1:40  Pylon  
  20  1:45  Zealot  
  22  1:53  Pylon  
  22  1:58  Assimilator  
  22  2:05  Probe (Chrono Boost)  
  23  2:08  Gateway  
  23  2:10  Warp Gate  
  23  2:16  Mothership Core (Chrono Boost)  
  23  2:22  Zealot  
  27  2:35  Probe (Chrono Boost)  
  28  2:39  Probe (Chrono Boost)  
  29  2:45  Probe (Chrono Boost)  
  29  2:49  Zealot  
  29  2:50  Probe (Chrono Boost)  
  33  2:52  Zealot  
  33  2:57  Probe (Chrono Boost)  
  36  3:00  Probe (Chrono Boost)  
  37  3:09  Probe (Chrono Boost)  
  37  3:11  Probe (Chrono Boost)  
  39  3:15  Pylon  
  39  3:21  Probe (Chrono Boost), Gateway  
  39  3:22  Probe (Chrono Boost)  
  41  3:28  Zealot  
  41  3:31  Zealot  
  41  3:32  Probe (Chrono Boost)  
  41  3:34  Probe (Chrono Boost)  
  47  3:43  Probe (Chrono Boost)  
  47  3:46  Probe (Chrono Boost)  
  47  3:48  Twilight Council  
  49  3:53  Probe (Chrono Boost)  
  50  3:58  Probe (Chrono Boost)  
  51  4:04  Probe (Chrono Boost)  
  51  4:10  Nexus, Probe (Chrono Boost)  
  51  4:13  Pylon  
  45  4:17  Probe (Chrono Boost)  
  45  4:22  Charge, Probe (Chrono Boost), Zealot x2  
  45  4:23  Zealot  
  53  4:29  Assimilator  
  53  4:30  Assimilator, Probe (Chrono Boost)  
  54  4:34  Probe (Chrono Boost)  
  55  4:40  Pylon  
  55  4:42  Probe (Chrono Boost)  
  57  4:46  Probe (Chrono Boost)  
  57  4:52  Assimilator, Probe (Chrono Boost)  
  58  4:56  Zealot x3  
  58  4:58  Probe (Chrono Boost)  
  65  5:03  Probe (Chrono Boost)  
  66  5:10  Gateway  
  66  5:13  Gateway  
  66  5:16  Pylon  
  66  5:17  Zealot x2  
  70  5:33  Templar Archives, Probe (Chrono Boost)  
  70  5:34  Probe (Chrono Boost)  
  70  5:35  Probe (Chrono Boost)  
  73  5:41  Zealot x3  
  79  5:45  Probe x3 (Chrono Boost)  
  80  6:02  Forge  
  80  6:04  Zealot  
  80  6:05  Forge  
  80  6:07  Zealot  
  80  6:10  Probe (Chrono Boost)  
  80  6:11  Probe (Chrono Boost)  
  87  6:12  Probe (Chrono Boost)  
  87  6:15  Zealot  
  87  6:17  Zealot x2  
  93  6:21  Protoss Ground Weapons Level 1, Probe x2 (Chrono Boost)  
  93  6:23  Protoss Ground Armor Level 1, Gateway  
  93  6:25  Gateway x2  
  95  6:29  Zealot x2  
  99  6:35  Pylon  
  99  6:44  Probe x2 (Chrono Boost)  
  101  6:49  Pylon  
  101  6:53  Probe (Chrono Boost)  
  102  6:54  Photon Cannon  
  102  6:56  Probe (Chrono Boost), Photon Cannon  
  97  7:04  Probe (Chrono Boost)  
  97  7:06  Assimilator, Probe (Chrono Boost)  
  97  7:07  Assimilator  
  99  7:20  Nexus  
  99  7:40  High Templar  
  99  7:41  High Templar x6  
  99  7:42  High Templar  
  115  7:48  Assimilator  
  115  7:51  Photon Cannon  
  114  7:52  Probe (Chrono Boost)  
  114  7:53  Assimilator  
  114  7:56  Pylon  
  114  7:57  Gateway  
  110  8:00  Pylon  
  110  8:01  Gateway  
  110  8:02  Gateway  
  110  8:03  Pylon, Robotics Facility  
  110  8:05  Gateway  
  98  8:06  Gateway x2  
  98  8:07  Gateway  
  88  8:13  High Templar x3  
  88  8:14  High Templar  
  88  8:16  Archon  
  88  8:17  Archon x4  
  88  8:18  Archon  
  96  8:20  Probe (Chrono Boost)  
  96  8:22  Probe x2 (Chrono Boost)  
  95  8:27  Photon Cannon  
  95  8:31  Photon Cannon  
  95  8:35  Zealot x3  
  95  8:36  Zealot  
  103  8:58  Observer  
  106  9:03  Zealot x3  
  106  9:04  Zealot x5  
  106  9:05  Zealot  
  122  9:13  Pylon  
  122  9:14  Probe (Chrono Boost)  
  122  9:15  Probe x2 (Chrono Boost)  
  122  9:26  High Templar x5  
  132  9:27  High Templar  
Tags
 
Add a new tag
Caveats
  • Supply blocks, unpowered buildings, or Contaminate may cause inaccurate times.
  • Supply counts are checked every 10 seconds.